 Dungeon Crawl Stone Soup version 0.30-a0-121-gb27577e5d9 (webtiles) character file.

Game seed: 9180800772611201350

2970 Mgcat the Cleaver (level 10, -2/86 HPs)
             Began as a Meteoran Fighter on Sept 14, 2022.
             Slain by a slime creature (9 damage)
             ... on level 7 of the Dungeon.
             The game lasted 00:10:46 (3724 turns).

Mgcat the Cleaver (Meteoran Fighter)                Turns: 3724, Time: 00:10:46

Health: -2/86      AC: 17    Str: 18    XL:     10   Next: 29%
Magic:  11/11      EV:  5    Int:  9    God:
Gold:   268        SH:  6    Dex: 13    Spells: 9/9 levels left

rFire   + . .      SeeInvis .    a - +0 war axe
rCold   + . .      Faith    .    c - +0 buckler
rNeg    . . .      Spirit   .    f - +0 plate armour
rPois   .          Reflect  .    p - +0 helmet
rElec   .          Harm     .    k - +0 cloak
rCorr   .          Rampage  .    (no gloves)
Will    +....                    t - +0 pair of boots
Stlth   ..........               (no amulet)
HPRegen 0.24/turn                i - ring of protection from cold {rC+, !d}
MPRegen 0.12/turn                m - ring of protection from fire {rF+, !d}

@: glowing, unable to read, unable to drink
A: sense surroundings 2, otherworldly, glowing, explore regen, clumsy 1,
inability to read after injury 1, [weak 2], [subdued magic 3], [inability to
drink after injury 1]
a: no special abilities


You were on level 7 of the Dungeon.
You visited 2 branches of the dungeon, and saw 8 of its levels.
You visited the Abyss 1 time.

You collected 344 gold pieces.
You spent 76 gold pieces at shops.

Inventory:

Hand Weapons
 a - a +0 war axe (weapon)
 h - a +2 mace of holy wrath
   (You found it on level 2 of the Dungeon)
Armour
 c - a +0 buckler (worn)
 f - a +0 plate armour (worn)
   (You found it on level 1 of the Dungeon)
 k - a +0 cloak (worn)
   (You found it on level 3 of the Dungeon)
 p - a +0 helmet (worn)
   (You bought it in a shop on level 7 of the Dungeon)
 t - a +0 pair of boots (worn)
   (You found it on level 6 of the Dungeon)
Jewellery
 b - a +6 ring of intelligence
   (You found it on level 7 of the Dungeon)
 i - a ring of protection from cold (left hand) {rC+, !d}
   (You found it on level 2 of the Dungeon)
 m - a ring of protection from fire (right hand) {rF+, !d}
   (You found it on level 7 of the Dungeon)
Wands
 q - a wand of polymorph (9)
   (You found it on level 5 of the Dungeon)
Scrolls
 d - 5 scrolls of identify {unknown}
 l - 2 scrolls of vulnerability {unknown}
 n - a scroll of teleportation
 o - a scroll of magic mapping {unknown}
Potions
 e - 2 potions of brilliance
 g - a potion of invisibility
 j - a potion of degeneration {!q}


   Skills:
 + Level 7.2 Fighting
 * Level 10.3 Axes
 + Level 8.0 Armour
 + Level 8.0 Shields


You had 9 spell levels left.
You didn't know any spells.
Your spell library contained the following spells:

 Spells                   Type           Power      Damage    Failure   Level
 Shock                    Conj/Air       0%         1d3       100%        1
 Ensorcelled Hibernation  Hex/Ice        0%         N/A       100%        2
 Passwall                 Tmut/Erth      0%         N/A       100%        2
 Swiftness                Air            0%         N/A       100%        3
 Airstrike                Air            0%         2d(0-16)  100%        4
 Summon Lightning Spire   Summ/Air       0%         N/A       100%        4
 Lightning Bolt           Conj/Air       0%         1d11      100%        5


Dungeon Overview and Level Annotations

Branches:
Dungeon (7/15) Zot: 930    Temple (1/1) D:5 Zot: 564

Altars:
Ashenzari
Cheibriados
Dithmenos
Elyvilon
Fedhas
Hepliaklqana
Kikubaaqudgha
Ru
Trog
Yredelemnul
Zin
The Shining One

Shops:
D:3 *   D:7 [(:


Innate Abilities, Weirdness & Mutations

You passively map the area around you.
You are easily found by Zot.
You glow in the dark.
You regain HP and MP as you explore.
You are clumsy. (Dex -2)
You occasionally lose the ability to read scrolls when taking damage.
[You are very weak. (Str -4)]
[Your spells are much easier to cast, but much less powerful.]
[You occasionally lose the ability to drink potions when taking damage.]


Message History

You barely miss the jelly.
The jelly is heavily wounded.
The jelly hits you but does no damage.
Warning x2: The slime creature can hit for high damage in melee!
The jelly can corrode equipment in melee!
You slash the jelly!
You kill the jelly!
You slash the endoplasm!
You kill the endoplasm!
The endoplasm jiggles.
You slice the endoplasm!!
You kill the endoplasm!
Spoiler Alert: The slime creature can hit for high damage in melee!
You slash the endoplasm!
You kill the endoplasm!
You hit the endoplasm but do no damage. The endoplasm closely misses you.
You barely miss the endoplasm.
The endoplasm hits you but does no damage.
You hit the endoplasm.
The endoplasm is almost dead.
You block the endoplasm's attack.
Spoiler Alert: The slime creature can hit for high damage in melee!
You slash the endoplasm!
You kill the endoplasm!
You slash the endoplasm!
You kill the endoplasm!
You slash the endoplasm!
You kill the endoplasm!
Spoiler Alert: The slime creature can hit for high damage in melee!
You hit the slime creature but do no damage.
The slime creature hits you but does no damage.
You barely miss the slime creature.
The slime creature hits you but does no damage.
You hit the slime creature.
The slime creature is lightly wounded.
You block the slime creature's attack.
Spoiler Alert: The slime creature can hit for high damage in melee!
You slash the slime creature!
The slime creature is moderately wounded.
The slime creature hits you but does no damage.
You hit the slime creature but do no damage.
The slime creature is moderately wounded.
The slime creature hits you!
You take 14 damage, and have 57/86 hp.
Spoiler Alert: The slime creature can hit for high damage in melee!
You are too injured to fight recklessly!
You are too injured to fight recklessly!
You are too injured to fight recklessly!
You are too injured to fight recklessly!
You slash the slime creature!
The slime creature is moderately wounded.
The slime creature hits you!
The slime creature hits you but does no damage.
You take 12 damage, and have 45/86 hp.
Spoiler Alert: The slime creature can hit for high damage in melee!
You slash the slime creature!
The slime creature is heavily wounded.
The slime creature hits you.
You take 6 damage, and have 39/86 hp.
You hit the slime creature but do no damage.
The slime creature is heavily wounded.
The slime creature hits you!
You take 10 damage, and have 29/86 hp.
Spoiler Alert: The slime creature can hit for high damage in melee!
You slash the slime creature!
The slime creature is severely wounded.
The slime creature hits you but does no damage.
Okay, then.
Unknown command.
Unknown command.
Spoiler Alert: The slime creature can hit for high damage in melee!
You slash the slime creature!
The slime creature is almost dead.
The slime creature hits you!
* * * LOW HITPOINT WARNING * * *
You take 9 damage, and have 21/86 hp.
Unknown command.
Spoiler Alert: The slime creature can hit for high damage in melee!
Unknown command.
You hit the slime creature.
The slime creature is almost dead.
The slime creature hits you but does no damage.
Unknown command.
Unknown command.
Spoiler Alert: The slime creature can hit for high damage in melee!
You hit the slime creature.
The slime creature is almost dead.
The slime creature hits you!
You feel threatened and lose the ability to read scrolls!
You feel threatened and lose the ability to drink potions!
* * * LOW HITPOINT WARNING * * *
You take 15 damage, and have 6/86 hp.
Spoiler Alert: The slime creature can hit for high damage in melee!
Unknown command.
Unknown command.
Unknown command.
Unknown command.
Unknown command.
The slime creature attacks as you move away!
The slime creature hits you!
You die...

########
#.@....############
#J####.............
*#J# ##############
*.J. #...# .....
#.....# #.....#
##...##


You could see a slime creature and 2 endoplasms.

Vanquished Creatures
  A lich (Abyss:1)
  A ynoxinul (Abyss:1)
  A neqoxec (Abyss:1)
  Duvessa (D:6)
  A water moccasin (D:4)
  An orc warrior (D:7)
  3 ice beasts
  2 phantoms
  4 bullfrogs
  A kobold brigand (D:6)
  A scorpion (D:5)
  A gnoll sergeant (D:6)
  A howler monkey (D:7)
  6 jellies
  5 hounds
  A gnoll bouda (D:6)
  3 iguanas
  5 orc wizards
  11 gnolls
  5 adders
  A shadow imp (D:5)
  3 white imps
  3 worms
  3 dart slugs
  18 orcs
  4 ball pythons
  2 bats
  15 endoplasms
  2 goblins
  6 hobgoblins
  2 quokkas
  6 kobolds
  3 rats
123 creatures vanquished.

Vanquished Creatures (others)
  A ball python (D:4)
  7 fungi (D:7)
  22 plants (D:6)
  6 starspawn tentacles
36 creatures vanquished.

Grand Total: 159 creatures vanquished

Notes
Turn   | Place    | Note
-------+----------+-------------------------------------------
     0 | D:1      | Mgcat the Meteoran Fighter began the quest for the Orb.
     0 | D:1      | Reached XP level 1. HP: 19/19 MP: 2/2
    35 | D:1      | Reached XP level 2. HP: 19/26 MP: 3/3
    72 | D:1      | Reached skill level 3 in Axes
   261 | D:1      | Reached XP level 3. HP: 31/31 MP: 4/4
   386 | D:2      | Reached skill level 4 in Armour
   386 | D:2      | Reached skill level 4 in Shields
   555 | D:2      | Found a faded altar of an unknown god.
   603 | D:2      | Reached XP level 4. HP: 40/40 MP: 5/5
   718 | D:3      | Found Qailask's General Store.
   725 | D:3      | Bought a potion of degeneration for 13 gold pieces
   820 | D:3      | Reached XP level 5. HP: 42/46 MP: 6/6
   926 | D:3      | Reached skill level 4 in Axes
  1016 | D:3      | Found a glowing golden altar of the Shining One.
  1133 | D:4      | Reached skill level 4 in Fighting
  1180 | D:4      | Noticed a water moccasin
  1185 | D:4      | Killed a water moccasin
  1186 | D:4      | Reached XP level 6. HP: 45/53 MP: 7/7
  1228 | D:4      | Found a white marble altar of Elyvilon.
  1232 | D:4      | Identified the +1 robe "Roril" {rF++ Stlth+}
  1362 | D:4      | Reached skill level 5 in Axes
  1362 | D:4      | Reached XP level 7. HP: 55/60 MP: 8/8
  1385 | D:4      | Found a basalt altar of Yredelemnul.
  1431 | D:4      | Reached skill level 5 in Shields
  1436 | D:4      | Reached skill level 5 in Armour
  1449 | D:4      | Found a sacrificial altar of Ru.
  1635 | D:5      | Entered Level 5 of the Dungeon
  1701 | D:5      | Reached skill level 6 in Axes
  1741 | D:5      | Reached skill level 5 in Fighting
  1741 | D:5      | Reached XP level 8. HP: 30/68 MP: 9/9
  1768 | D:5      | Found a staircase to the Ecumenical Temple.
  1786 | Temple   | Entered the Ecumenical Temple
  2290 | D:6      | Reached skill level 7 in Axes
  2319 | D:6      | Reached skill level 6 in Shields
  2426 | D:6      | Reached skill level 6 in Armour
  2736 | D:6      | Noticed Duvessa
  2738 | D:6      | Gained mutation: You passively map the area around you.
                  | [Meteoran growth]
  2738 | D:6      | Reached XP level 9. HP: 42/75 MP: 10/10
  2763 | D:6      | Killed Duvessa
  2764 | D:6      | Reached skill level 8 in Axes
  2851 | Abyss:1  | Cast into level 1 of the Abyss (gnoll sergeant)
  2914 | Abyss:1  | Reached skill level 6 in Fighting
  2940 | Abyss:1  | Noticed a raiju
  2945 | Abyss:1  | HP: 15/75 [raiju (8)]
  2949 | Abyss:1  | HP: 3/75 [raiju/living lightning (13)]
  3008 | Abyss:1  | Noticed a raiju
  3014 | Abyss:1  | Noticed a great orb of eyes
  3104 | Abyss:1  | Gained mutation: You are clumsy. (Dex -2) [a neqoxec]
  3105 | Abyss:1  | Noticed a wretched star
  3112 | Abyss:1  | Gained mutation: You occasionally lose the ability to read
                  | scrolls when taking damage. [a neqoxec]
  3115 | Abyss:1  | Reached skill level 7 in Armour
  3115 | Abyss:1  | Reached skill level 7 in Shields
  3273 | Abyss:1  | Noticed an ancient zyme
  3274 | Abyss:1  | Noticed a thrashing horror
  3295 | Abyss:1  | Noticed a lich
  3319 | Abyss:1  | Noticed a smoke demon
  3323 | Abyss:1  | Noticed a worldbinder
  3324 | Abyss:1  | Noticed a tentacled starspawn
  3332 | Abyss:1  | Noticed a necromancer
  3332 | Abyss:1  | Noticed a freezing wraith
  3343 | Abyss:1  | Noticed a skeletal warrior
  3359 | Abyss:1  | Killed a lich
  3360 | Abyss:1  | Reached skill level 9 in Axes
  3360 | Abyss:1  | Reached XP level 10. HP: 67/84 MP: 11/11
  3362 | Abyss:1  | Noticed a skeletal warrior
  3362 | D:6      | Escaped the Abyss
  3438 | D:7      | Reached skill level 7 in Fighting
  3473 | D:7      | Reached skill level 10 in Axes
  3487 | D:7      | Found Peihutoi's Book Shop.
  3517 | D:7      | Found Dikawaiph's Weapon Boutique.
  3632 | D:7      | Found Taciakh's Armour Shop.
  3641 | D:7      | Bought a +0 helmet for 63 gold pieces
  3649 | D:7      | Found a blossoming altar of Fedhas.
  3694 | D:7      | Reached skill level 8 in Shields
  3699 | D:7      | Reached skill level 8 in Armour
  3720 | D:7      | HP: 21/86 [slime creature (9)]
  3722 | D:7      | HP: 6/86 [slime creature (15)]
  3724 | D:7      | Slain by a slime creature

Illustrated notes

Levels and vault maps discovered:
D:1:      dpeg_arrival_more_subterranean_lakeside_camping, layout_basic,
          grunt_decor_one_mirror
D:2:      layout_basic, ebering_ecumenical_altar_box
D:3:      layout_loops_ring, nicolae_overflow_hidden_temple, serial_shops, shop,
          uniq_jessica
D:4:      layout_cave_pools, mainiacjoe_overflow_catwalk, lemuel_doored_altar,
          mainiacjoe_overflow_24_doors, dreamdust_princess_bridge,
          cheibrodos_gnoll_hut
D:5:      layout_loops_cross, led_sif_pool, minmay_temple_entry_crystal_x
D:6:      layout_basic, nicolae_grassy_gnolls, uniq_duvessa
D:7:      lemuel_slime, layout_gridville, fedhas_altar_1, serial_shops,
          nicolae_shop_crystal, shop, nicolae_shop_stone,
          nicolae_shop_bloodbath_and_beyond, chequers_jeans,
          ebering_dispersal_statue_hall
Temple:   nicolae_temple_little_seven

Skill      XL: |  1  2  3  4  5  6  7  8  9 10 |
---------------+-------------------------------+-----
Axes           | 3 4 5 6 7 9 10 | 10.3
Armour         | 4 5 6 7 8 |  8.0
Shields        | 4 5 6 7 8 |  8.0
Fighting       | 4 5 6 7 |  7.2

Action                   |  1- 3 |  4- 6 |  7- 9 | 10-12 || total
-------------------------+-------+-------+-------+-------++-------
Melee: War axe           |    47 |    80 |   267 |    91 ||   485
  Use: Potion            |       |     1 |     8 |       ||     9
       Scroll            |       |       |     5 |       ||     5
Armor: Scale mail        |     1 |       |       |       ||     1
       Plate armour      |    39 |    52 |   190 |    38 ||   319
Dodge: Dodged            |    10 |     8 |    66 |    10 ||    94
Block: Buckler           |     9 |    19 |    86 |    24 ||   138

Table legend: (Time is in decaauts)
 A = Elapsed time spent in this place.
 B = Non-inter-level travel time spent in this place.
 C = Inter-level travel time spent in this place.
 D = Time resting spent in this place.
 E = Time spent auto-exploring this place.
 F = Levels seen in this place.
 G = Mean time per level.
                   A        B        C        D        E       F      G
               +--------+--------+--------+--------+--------+-----+--------+
         Total |   3811 |   3697 |    114 |    202 |   2277 |   9 |  423.4 |
       Dungeon |   3268 |   3154 |    114 |    202 |   2030 |   7 |  466.9 |
        Temple |     35 |     35 |      0 |      0 |     26 |   1 |   35.0 |
         Abyss |    507 |    507 |      0 |      0 |    221 |   1 |  507.0 |
               +--------+--------+--------+--------+--------+-----+--------+

Top non-repeatable levels by time:
     D:5: 640 daAuts
     D:6: 608 daAuts
     D:4: 578 daAuts
 Abyss:1: 507 daAuts
     D:3: 402 daAuts
     D:2: 396 daAuts
     D:7: 332 daAuts
     D:1: 310 daAuts
  Temple: 35 daAuts

Table legend:
 A = Kills in this place as a percentage of kills in entire the game.
 B = Kills by you in this place as a percentage of kills by you in the entire game.
 C = Kills by friends in this place as a percentage of kills by friends in the entire game.
 D = Other kills in this place as a percentage of other kills in the entire game.
 E = Experience gained in this place as a percentage of experience gained in the entire game.
 F = Experience gained in this place divided by the number of levels of this place that you have seen.
                   A       B       C       D       E      F
               +-------+-------+-------+-------+-------+----------------------
         Total | 100.0 | 100.0 |   N/A | 100.0 | 100.0 | 471.6
       Dungeon |  96.0 |  95.9 |   N/A | 100.0 |  65.2 | 395.1
         Abyss |   4.0 |   4.1 |   N/A |   0.0 |  34.8 | 1478.0
               +-------+-------+-------+-------+-------+----------------------
